 Dungeon Crawl Stone Soup version 0.24.0-125-gc4c63601f3 (webtiles) character file.

Game seed: 18119835253659880617, levelgen mode: deterministic

366 Frank2 the Cudgeler (level 6, -2/47 HPs)
             Began as a Demonspawn Gladiator on Feb 17, 2020.
             Splashed by a jelly's acid (5 damage)
             ... on level 5 of the Dungeon.
             The game lasted 00:04:32 (3220 turns).

Frank2 the Cudgeler (Demonspawn Gladiator)          Turns: 3220, Time: 00:04:32

Health: -2/47      AC: 11    Str: 14    XL:     6   Next: 40%
Magic:  6/6        EV: 18    Int:  9    God:
Gold:   229        SH:  0    Dex: 22    Spells: 5/5 levels left

rFire    . . .     SeeInvis .   a - +0 flail
rCold    . . .     Gourm    .   (no shield)
rNeg     . . .     Faith    .   k - +0 ring mail
rPois    .         Spirit   .   c - +0 helmet
rElec    +         Reflect  .   e - +0 cloak
rCorr    .         Harm     .   (no gloves)
MR       .....                  (no boots)
Stlth    ++........             (no amulet)
HPRegen  0.15/turn              (no ring)
MPRegen  0.10/turn              (no ring)

@: agile, lethally poisoned (-2 -> -2)
A: thin metallic scales 3, powered by death 1
a: no special abilities


You were on level 5 of the Dungeon.
You were not hungry.

You visited 1 branch of the dungeon, and saw 5 of its levels.

You collected 229 gold pieces.

Inventory:

Hand Weapons
 a - a +0 flail (weapon)
Missiles
 d - 2 throwing nets (quivered)
Armour
 c - a +0 helmet (worn)
 e - a +0 cloak (worn)
 k - a +0 ring mail (worn)
Wands
 b - a wand of disintegration (5)
Scrolls
 g - a scroll of identify
 j - 2 scrolls of fog
Potions
 h - a potion of lignification
 o - a potion of curing {unknown}
 p - 2 potions of flight {unknown}
 q - a potion of degeneration {unknown}
Comestibles
 f - 7 rations


   Skills:
 + Level 3.0 Fighting
 + Level 4.7 Maces & Flails
 - Level 1.7 Throwing
 + Level 2.5 Armour
 + Level 3.9 Dodging


You had 5 spell levels left.
You didn't know any spells.
Your spell library was empty.

Dungeon Overview and Level Annotations

Branches:
Dungeon (5/15)             Temple (0/1) D:4

Altars:
Elyvilon
The Shining One

Annotations:
D:4 2 transporters, flt's ghost, amateur GnSk


Innate Abilities, Weirdness & Mutations

You are completely covered in thin metallic scales. (AC +4, rElec)
You regenerate a little health from kills.


Message History

The ice beast hits you but does no damage.
You hit the ice beast.
The ice beast is heavily wounded.
The ice beast barely misses you.
You sock the ice beast!
The ice beast is severely wounded.
The ice beast hits you. The ice beast freezes you!
You sock the ice beast!
You kill the ice beast!
Your life force feels restored.
Your Fighting skill increases to level 3!
The jelly completely misses you.
You hit the jelly.
Your hands burn!
The jelly is moderately wounded.
You feel sick. The jelly hits you.
* * * LOW HITPOINT WARNING * * *
You are splashed with acid!
* * * LOW HITPOINT WARNING * * *
You hit the jelly.
Your hands burn!
You die...

# ########## ###.Y......###
##### .##...#......# #...#
# ..#.[J##.....##
#.#.##.###
..'...##.....†###.#.......
..#...####.....J@....#.#.#
.##...# #########.#.#...#
###...# #...######.#...#.#
# #...##...Y.##..........#
#...#.......#.####.....# .
#...'.J?....#...####.#.##
.##...#..S...[###.##.....<#
..#...##.....# #.#####.###
..[...# #.!.## #....##...#


You could see a jelly.

Vanquished Creatures
  An ice beast (D:5)
  A howler monkey (D:3)
  Jessica (D:3)
  Ijyb (D:5)
  2 worker ants
  7 adders
  An ooze (D:3)
  A dart slug (D:3)
  6 leopard geckos
  An orc (D:4)
  7 bats
  A giant cockroach (D:3)
  6 goblins
  10 hobgoblins
  7 jackals
  5 kobolds
  A quokka (D:3)
  2 ball pythons
  5 frilled lizards
  7 rats
73 creatures vanquished.

Notes
Turn   | Place    | Note
-------+----------+-------------------------------------------
     0 | D:1      | Frank2 the Demonspawn Gladiator began the quest for the
                  | Orb.
     0 | D:1      | Reached XP level 1. HP: 16/16 MP: 1/1
   151 | D:1      | Gained mutation: You regenerate a little health from kills.
                  | [demonic ancestry]
   151 | D:1      | Reached XP level 2. HP: 5/22 MP: 2/2
   163 | D:1      | Reached skill level 3 in Maces & Flails
   511 | D:2      | Gained mutation: You are partially covered in thin metallic
                  | scales. (AC +2) [demonic ancestry]
   511 | D:2      | Reached XP level 3. HP: 27/27 MP: 3/3
   818 | D:2      | Reached skill level 1 in Armour
   997 | D:2      | Reached XP level 4. HP: 17/34 MP: 4/4
  1400 | D:3      | Gained mutation: You are mostly covered in thin metallic
                  | scales. (AC +3) [demonic ancestry]
  1400 | D:3      | Reached XP level 5. HP: 39/39 MP: 5/5
  1562 | D:3      | Noticed Jessica
  1571 | D:3      | Killed Jessica
  1571 | D:3      | Reached skill level 4 in Maces & Flails
  2136 | D:4      | Found a glowing golden altar of the Shining One.
  2162 | D:4      | Found a transporter.
  2163 | D:4      | Noticed flt's ghost (amateur GnSk)
  2251 | D:4      | Found a transporter.
  2557 | D:4      | Found a white marble altar of Elyvilon.
  2560 | D:4      | Found a staircase to the Ecumenical Temple.
  3067 | D:5      | Entered Level 5 of the Dungeon
  3139 | D:5      | Noticed Ijyb
  3161 | D:5      | Killed Ijyb
  3170 | D:5      | Noticed an ice beast
  3205 | D:5      | Gained mutation: You are completely covered in thin
                  | metallic scales. (AC +4, rElec) [demonic ancestry]
  3205 | D:5      | Reached XP level 6. HP: 40/46 MP: 6/6
  3218 | D:5      | Killed an ice beast
  3220 | D:5      | Splashed by a jelly's acid

Levels and vault maps discovered:
D:1:      roderic_chinese_lattice_arrival, layout_basic
D:2:      layout_loops_ring
D:3:      layout_basic, first_ration, uniq_jessica
D:4:      layout_layer_cave, nicolae_tso_swordbearing_angel, lemuel_round_altar,
          minmay_temple_entry_arrows, gammafunk_ghost_mausoleum
D:5:      minmay_opposing_rooms, layout_basic, uniq_ijyb

Skill      XL: |  1  2  3  4  5  6 |
---------------+-------------------+-----
Dodging        | 3 |  3.9
Maces & Flails | 3 4 |  4.7
Armour         | 1 2 |  2.5
Fighting       | 3 |  3.0
Throwing       | |  1.7

Action                   |  1- 3 |  4- 6 || total
-------------------------+-------+-------++-------
Melee: Flail             |   160 |   133 ||   293
Throw: Throwing net      |     2 |     3 ||     5
  Use: Scroll            |     3 |    10 ||    13
       Potion            |       |     2 ||     2
 Stab: Sleeping          |     2 |     1 ||     3
  Eat: Chunk             |       |     5 ||     5
       Ration            |       |     1 ||     1
Armor: Leather armour    |    74 |    21 ||    95
       Ring mail         |       |    23 ||    23
Dodge: Dodged            |   165 |   106 ||   271
